 Dungeon Crawl Stone Soup version 0.19.0 (webtiles) character file.

81 Eucla the Slasher (level 4, -2/28 HPs)
             Began as a Tengu Abyssal Knight on Nov 18, 2016.
             Was a Follower of Lugonu.
             Slain by an orc wizard
             ... wielding a +0 dagger
              (6 damage)
             ... on level 3 of the Dungeon.
             The game lasted 00:02:46 (1857 turns).

Eucla the Slasher (Tengu Abyssal Knight)            Turns: 1857, Time: 00:02:46

Health: -2/28      AC:  1    Str: 13    XL:     4   Next: 40%
Magic:  6/6        EV: 17    Int: 12    God:    Lugonu [*.....]
Gold:   130        SH:  0    Dex: 19    Spells: 0 memorised, 3 levels left

rFire  . . .     SeeInvis .     a - +2 falchion
rCold  . . .     Gourm    .     m - +0 leather armour {rPois}
rNeg   . . .     Faith    .     (no shield)
rPois  +         Spirit   .     (helmet restricted)
rElec  .         Reflect  .     (no cloak)
rCorr  .         Harm     .     (no gloves)
MR     .....                    (boots unavailable)
Stlth  ++........               (no amulet)
                                (no ring)
                                (no ring)

@: agile
A: beak, talons 3, deformed body
a: Depart the Abyss, Renounce Religion


You were on level 3 of the Dungeon.
You worshipped Lugonu.
Lugonu was aware of your devotion.
You were not hungry.

You visited 1 branch of the dungeon, and saw 3 of its levels.
You visited the Abyss 1 time.

You collected 130 gold pieces.

Inventory:

Hand Weapons
 a - a +2 falchion (weapon)
Armour
 m - a +0 leather armour of poison resistance (worn)
Scrolls
 b - 2 scrolls of remove curse
 g - a scroll of recharging
 k - a scroll of identify
 n - a scroll of enchant weapon
Potions
 d - a potion of mutation {unknown}
 e - a potion of cure mutation {unknown}
 h - a potion of curing {unknown}
 i - a potion of magic {unknown}
 l - a potion of resistance {unknown}
 o - a potion of agility
Comestibles
 c - 2 bread rations
 f - a meat ration
 j - a royal jelly


   Skills:
 + Level 3.5 Fighting
 * Level 3.5 Long Blades
 - Level 2.1 Armour
 + Level 2.0 Dodging
 + Level 2.2 Invocations


You had 3 spell levels left.
You didn't know any spells.

Dungeon Overview and Level Annotations

Branches:
Dungeon (3/15)

Altars:
Vehumet


Innate Abilities, Weirdness & Mutations

You have a beak for a mouth.
You have claws for feet.
[Armour fits poorly on your strangely shaped body.]


Message History

You closely miss the orc. You claw the orc.
The orc is severely wounded.
The orc wizard mumbles some strange words.
The orc wizard flickers and vanishes!
Deactivating autopickup; reactivate with Ctrl-A.
The orc hits you with a mace.
* * * LOW HITPOINT WARNING * * *
You completely miss the orc. You claw the orc.
You kill the orc!
Lugonu accepts your kill. Something hits you but does no damage.
You completely miss something. You peck something. Something hits you.
* * * LOW HITPOINT WARNING * * *
Something hits you.
* * * LOW HITPOINT WARNING * * *
There isn't anything here!
It was a potion of agility.
You feel agile all of a sudden. Something hits you.
You die...

## .####### .......##
#.####..# ....##..#
.....#..#
.....#..#############
._..............@)o.##
.....#.###.#######...#
.....#..##.# #..o..#
....##..##.# #.....#
#.####..##.# #....##
...........# ....##
############ #....# #
#...## # ....


You could see an orc.

Vanquished Creatures
  2 adders (D:2)
  A white imp (Abyss:1)
  A worm (D:2)
  4 dart slugs
  3 orcs (D:3)
  4 giant cockroaches
  8 goblins
  3 hobgoblins
  6 kobolds
  2 bats
  4 frilled lizards (D:1)
  5 rats
43 creatures vanquished.

Notes
Turn   | Place    | Note
-------+----------+-------------------------------------------
     0 | Abyss:1  | Eucla the Tengu Abyssal Knight began the quest for the Orb.
     0 | Abyss:1  | Reached XP level 1. HP: 14/14 MP: 3/3
    54 | Abyss:1  | Noticed a shadow
    56 | Abyss:1  | Noticed a neqoxec
    72 | Abyss:1  | Reached XP level 2. HP: 16/19 MP: 4/4
    80 | Abyss:1  | Noticed a wretched star
    81 | D:1      | Escaped the Abyss
   160 | D:1      | Reached * piety under Lugonu
   280 | D:1      | Reached XP level 3. HP: 9/23 MP: 5/5
  1165 | D:2      | Reached XP level 4. HP: 15/28 MP: 6/6
  1806 | D:3      | Found a radiant altar of Vehumet.
  1857 | D:3      | Slain by an orc wizard

Skill      XL: |  1  2  3  4 |
---------------+-------------+-----
Long Blades    | 3 |  3.5
Invocations    | 2 |  2.2
Dodging        | 2 |  2.0
Fighting       | |  3.5
Armour         | |  2.1

Action                   |  1- 3 |  4- 6 || total
-------------------------+-------+-------++-------
Melee: Falchion          |    57 |    32 ||    89
       Kick              |    14 |    13 ||    27
       Peck              |     9 |     4 ||    13
Invok: Depart the Abyss  |     1 |       ||     1
  Use: Scroll            |     3 |     5 ||     8
       Potion            |       |     1 ||     1
 Stab: Sleeping          |     1 |       ||     1
  Eat: Chunk             |       |     3 ||     3
Armor: Leather armour    |     8 |     1 ||     9
Dodge: Dodged            |    30 |    13 ||    43
       Rpst.: Falchion   |    12 |     4 ||    16
